 Dungeon Crawl Stone Soup version 0.21.1-1-g345015f (webtiles) character file.

13447 ScottishVillain the Cleaver (level 11, -4/86 HPs)
             Began as a Demonspawn Wanderer on Feb 12, 2018.
             Was a High Priest of Okawaru.
             Slain by an 11-headed hydra (6 damage)
             ... on level 1 of the Lair of Beasts on Feb 14, 2018.
             The game lasted 01:31:43 (11600 turns).

ScottishVillain the Cleaver (Demonspawn Wanderer)  Turns: 11600, Time: 01:31:44

Health: -4/86      AC: 24    Str: 20    XL:     11   Next: 75%
Magic:  0/30       EV: 15    Int: 17    God:    Okawaru [*****.]
Gold:   420        SH:  5    Dex: 15    Spells: 10/10 levels left

rFire    + + .     SeeInvis .   w - +5 war axe (venom)
rCold    + . .     Gourm    .   v - +0 buckler
rNeg     . . .     Faith    .   b - +6 chain mail of Spring {rF+ rC+ Str+2 Dex-4}
rPois    +         Spirit   +   k - +3 hat of Pondering {ponderous, MR+ MP+10 Int+5}
rElec    .         Reflect  .   j - scarf {Spirit}
rCorr    .         Harm     .   (no gloves)
MR       +....     Rnd*Rage +   A - +0 pair of boots
Stlth    +++.......             (no amulet)
HPRegen  0.24/turn              q - ring of magical power
MPRegen  0.22/turn              (no ring)

@: agile, flying, hasted, very quick
A: claws 2, slimy green scales 2, berserk 1, fire resistance 1, nightstalker 2,
poison resistance, powered by death 1, strong 1
a: Heroism, Finesse, Renounce Religion


You were on level 1 of the Lair of Beasts.
You worshipped Okawaru.
Okawaru was extremely pleased with you.
You were not hungry.

You visited 3 branches of the dungeon, and saw 11 of its levels.
You also visited: Ossuary.

You collected 589 gold pieces.
You spent 169 gold pieces at shops.

Inventory:

Hand Weapons
 p - the +6 hand crossbow of the Wraith {speed, rElec}
   (You found it on level 6 of the Dungeon)

   Attacks with this weapon are significantly faster.
   It insulates you from electricity.
 s - a +0 scythe
 w - a +5 war axe of venom (weapon)
 x - a +3 scimitar of flaming
 P - a +0 spear of pain
Missiles
 e - 165 arrows
 F - 3 bolts
 L - 3 javelins
 M - a tomahawk (quivered)
Armour
 b - the +6 chain mail of Spring (worn) {rF+ rC+ Str+2 Dex-4}
   (Okawaru gifted it to you on level 8 of the Dungeon)

   It affects your strength (+2).
   It affects your dexterity (-4).
   It protects you from fire.
   It protects you from cold.
 j - a scarf of spirit shield (worn)
 k - the +3 hat of Pondering (worn) {ponderous, MR+ MP+10 Int+5}
   (You took it off Gastronok on level 8 of the Dungeon)

   It affects your intelligence (+5).
   It affects your resistance to hostile enchantments.
   It affects your magic capacity (+10).
 v - a +0 buckler (worn)
 y - the +0 ring mail "Qisisez" {-Tele rN+ Str+4 Int+2 Slay+2}
   (You found it on level 5 of the Dungeon)

   It affects your strength (+4).
   It affects your intelligence (+2).
   It affects your accuracy and damage with ranged weapons and melee attacks
   (+2).
   It protects you from negative energy.
   It prevents most forms of teleportation.
 A - a +0 pair of boots (worn)
Magical Staves
 z - an uncursed staff of power
 Q - an uncursed staff of fire {unknown}
Jewellery
 q - a ring of magical power (left claw)
Wands
 i - a wand of digging (9)
 C - a wand of paralysis (17)
 J - a wand of random effects (34)
 N - a wand of disintegration (16)
Scrolls
 c - 5 scrolls of teleportation
 g - 5 scrolls of remove curse
 h - 7 scrolls of identify
 l - 2 scrolls of fear
 o - 4 scrolls of fog
 E - a scroll of amnesia
 G - a scroll of blinking
 H - a scroll of torment
Potions
 a - a potion of agility
 f - 6 potions of curing
 m - 3 potions of lignification
 r - a potion of magic {unknown}
 t - 2 potions of degeneration {unknown}
 u - a potion of invisibility
 I - 2 potions of flight
 K - a potion of mutation
Books
 D - a book of Necromancy

   Spells                             Type                      Level
   a - Pain                           Necromancy                   1
   b - Animate Skeleton               Necromancy                   1
   c - Vampiric Draining              Necromancy                   3
   d - Regeneration                   Charms/Necromancy            3
   e - Animate Dead                   Necromancy                   4
   f - Borgnjor's Vile Clutch         Necromancy/Earth             5
 O - a book of Power

   Spells                             Type                      Level
   a - Iskenderun's Battlesphere      Conjuration/Charms           5
   b - Venom Bolt                     Conjuration/Poison           5
   c - Bolt of Magma                  Conjuration/Fire/Earth       5
   d - Iron Shot                      Conjuration/Earth            6
   e - Orb of Destruction             Conjuration                  7
   f - Spellforged Servitor           Conjuration/Summoning        7
Comestibles
 d - 12 rations


   Skills:
 + Level 8.2 Fighting
 + Level 11.9(12.0) Axes
 + Level 2.2(8.1) Polearms
 + Level 0.6 Crossbows
 + Level 1.9 Throwing
 + Level 7.8 Armour
 + Level 4.5 Dodging
 + Level 4.4 Stealth
 - Level 4.1 Shields
 + Level 0.1 Invocations
 + Level 1.3 Evocations


You had 10 spell levels left.
You didn't know any spells.

Dungeon Overview and Level Annotations

Branches:
Dungeon (9/15)             Temple (1/1) D:6            Lair (1/6) D:9
    Orc: D:9-12

Altars:
Ashenzari
Cheibriados
Dithmenos
Elyvilon
Fedhas
Gozag
Hepliaklqana
Kikubaaqudgha
Makhleb
Nemelex Xobeh
Okawaru
Qazlal
Ru
Sif Muna
Trog
Uskayaw
Vehumet
Wu Jian
Xom
Yredelemnul
Zin
The Shining One

Shops:
D:4 !   D:7 *(   D:9 %


Innate Abilities, Weirdness & Mutations

You have very sharp fingernails.
You are mostly covered in slimy green scales. (AC +3)
You are significantly more attuned to the shadows.
You regenerate a little health from kills.
You tend to lose your temper in combat.
Your flesh is heat resistant. (rF+)
Your system is resistant to poisons. (rPois)
Your muscles are strong. (Str +2)


Message History

The 11-headed hydra closely misses you.
You feel much better. The 11-headed hydra misses you.
The 11-headed hydra bites you.
* * * LOW HITPOINT WARNING * * *
The 11-headed hydra bites you but does no damage.
The 11-headed hydra barely misses you.
The 11-headed hydra bites you but does no damage.
The 11-headed hydra bites you!
* * * LOW HITPOINT WARNING * * *
The 11-headed hydra misses you. x2; The 11-headed hydra barely misses you.
You block the 11-headed hydra's attack. The 11-headed hydra misses you.
You feel yourself speed up. The 11-headed hydra bites you!
* * * LOW HITPOINT WARNING * * *
The 11-headed hydra barely misses you. You block the 11-headed hydra's attack.
The 11-headed hydra bites you but does no damage.
The 11-headed hydra bites you.
* * * LOW HITPOINT WARNING * * *
The 11-headed hydra bites you but does no damage. x3
The 11-headed hydra bites you!
You die...

### ### #P###P## #......##
##### ### ### #.......##
#.(.###.####.######...÷..P##
##..........@................
#..........D##.####...##...##
###..P##...##### #P...##....#
#...##....# ##...##....#
###[......############PD...
##.....#..##P#### ##....
#........†....P.#####...#
###.#....P.##.........###
#.#....##############..


You could see a 11-headed hydra.

Vanquished Creatures
  Gastronok (D:8)
  Erica (D:8)
  3 two-headed ogres (D:8)
  Pikel (D:6)
  The ghost of tidbits the Insei, a novice GnTm (D:7)
  A komodo dragon (Lair:1)
  A troll (D:9)
  A hippogriff (Lair:1)
  Sigmund (D:3)
  A wyvern (Lair:1)
  A basilisk (Lair:1)
  7 yaks (Lair:1)
  A hungry ghost (D:8)
  5 water moccasins
  3 porcupines (Lair:1)
  3 ice beasts (D:7)
  3 orc warriors
  6 phantoms
  A black bear (D:7)
  2 wolves (D:9)
  A necrophage (D:7)
  2 ogres (D:7)
  2 centaurs
  A big kobold (D:8)
  5 bullfrogs
  A water moccasin zombie (Ossuary)
  12 killer bees (D:8)
  4 electric eels (D:9)
  4 howler monkeys
  7 bullfrog zombies
  A crimson imp (D:5)
  6 centaur zombies
  5 jellies
  9 hounds
  8 orc priests
  2 bullfrog skeletons (D:8)
  10 orc wizards
  A gnoll shaman (D:7)
  3 iguanas
  2 centaur skeletons (D:8)
  5 worker ants
  Natasha (D:3)
  2 killer bee zombies (Ossuary)
  4 hound zombies
  11 mummies (Ossuary)
  6 worker ant zombies
  9 adders
  3 gnolls (D:7)
  2 shadow imps
  6 oozes
  4 adder zombies
  An adder skeleton (D:4)
  A worm (D:2)
  2 dart slugs (D:2)
  4 leopard geckos
  31 orcs
  6 ball pythons
  6 giant cockroaches
  7 goblins
  9 hobgoblins
  11 jackals
  15 kobolds
  3 quokkas (D:6)
  6 bats
  6 frilled lizards
  A jackal skeleton (D:4)
  A leopard gecko zombie (D:9)
  A quokka skeleton (D:6)
  A quokka zombie (D:5)
  10 rats
  A fungus (Lair:1)
  A plant (Lair:1)
307 creatures vanquished.

Vanquished Creatures (others)
  An iguana (D:6)
  A shadow imp (D:6)
  A ball python (D:6)
  A quokka (D:6)
  A fungus (Lair:1)
  A plant (Lair:1)
  A withered plant (Ossuary)
7 creatures vanquished.

Grand Total: 314 creatures vanquished

Notes
Turn   | Place    | Note
-------+----------+-------------------------------------------
     0 | D:1      | ScottishVillain the Demonspawn Wanderer began the quest for the Orb.
     0 | D:1      | ScottishVillain set off with: a +2 scale mail, a +0 hand axe, a scroll of teleportation, a ration
     0 | D:1      | Reached XP level 1. HP: 13/13 MP: 1/1
     7 | D:1      | Noticed a four-headed hydra
     7 | D:1      | Noticed a swamp worm
     7 | D:1      | Noticed a black mamba
     7 | D:1      | Noticed a killer bee
   417 | D:1      | Gained mutation: You have sharp fingernails. [demonic ancestry]
   417 | D:1      | Reached XP level 2. HP: 19/19 MP: 2/2
   562 | D:1      | Reached skill level 5 in Armour
  1114 | D:2      | Reached skill level 1 in Fighting
  1114 | D:2      | Reached XP level 3. HP: 22/26 MP: 3/3
  1316 | D:2      | Reached skill level 3 in Axes
  1462 | D:2      | Found a sacrificial altar of Ru.
  1677 | D:2      | Found an iron altar of Okawaru.
  1781 | D:2      | Became a worshipper of Warmaster Okawaru
  1814 | D:2      | Reached XP level 4. HP: 32/32 MP: 4/4
  1829 | D:2      | Found a burning altar of Makhleb.
  1830 | D:2      | Found a radiant altar of Vehumet.
  1906 | D:2      | Found a glowing golden altar of the Shining One.
  2187 | D:2      | Gained mutation: Your muscles are strong. (Str +2) [potion of mutation]
  2187 | D:2      | Gained mutation: Your system is resistant to poisons. (rPois) [potion of mutation]
  2187 | D:2      | Gained mutation: You tend to lose your temper in combat. [potion of mutation]
  2187 | D:2      | Gained mutation: Your flesh is heat resistant. (rF+) [potion of mutation]
  2462 | D:3      | Reached skill level 1 in Dodging
  2534 | D:3      | Gained mutation: You are slightly more attuned to the shadows. [demonic ancestry]
  2534 | D:3      | Reached XP level 5. HP: 28/38 MP: 3/5
  2818 | D:3      | Reached * piety under Okawaru
  2851 | D:3      | Found a shimmering altar of Xom.
  2851 | D:3      | Noticed Sigmund
  2855 | D:3      | Found a hazy altar of Hepliaklqana.
  2855 | D:3      | Noticed a hell beast
  2859 | D:3      | Killed Sigmund
  2859 | D:3      | Reached skill level 4 in Axes
  2859 | D:3      | Gained mutation: You have very sharp fingernails. [demonic ancestry]
  2859 | D:3      | Reached XP level 6. HP: 47/47 MP: 4/6
  2860 | D:3      | Noticed a spectral ugly thing
  2860 | D:3      | Noticed a hell beast
  2898 | D:3      | Noticed Natasha
  2923 | D:3      | Killed Natasha
  3369 | D:4      | Reached skill level 1 in Polearms
  3382 | D:4      | Found Qoromiod's Distillery.
  3712 | D:4      | Found a deep blue altar of Sif Muna.
  3745 | D:4      | Gained mutation: You are partially covered in slimy green scales. (AC +2) [demonic ancestry]
  3745 | D:4      | Reached XP level 7. HP: 40/52 MP: 7/7
  4068 | D:4      | Bought a potion of heal wounds for 65 gold pieces
  4068 | D:4      | Bought a potion of curing for 39 gold pieces
  4068 | D:4      | Bought a potion of heal wounds for 65 gold pieces
  4086 | D:5      | Entered Level 5 of the Dungeon
  4202 | D:5      | Reached skill level 1 in Stealth
  4457 | D:5      | Found a shimmering altar of Xom.
  4515 | D:5      | Reached ** piety under Okawaru
  4789 | D:5      | Got a distressingly furry ring mail
  4791 | D:5      | Identified the cursed +0 ring mail "Qisisez" {-Tele rN+ Str+4 Int+2 Slay+2} (You found it on level 5 of the Dungeon)
  5446 | D:6      | Found a sand-covered staircase.
  5452 | Ossuary  | Entered an ossuary
  5476 | Ossuary  | Gained mutation: You regenerate a little health from kills. [demonic ancestry]
  5476 | Ossuary  | Reached XP level 8. HP: 50/58 MP: 6/8
  5560 | Ossuary  | Reached skill level 5 in Axes
  5781 | Ossuary  | Reached skill level 6 in Axes
  5816 | Ossuary  | Reached *** piety under Okawaru
  6012 | D:6      | Reached skill level 7 in Axes
  6042 | D:6      | Noticed Pikel
  6059 | D:6      | Reached skill level 1 in Shields
  6065 | D:6      | Killed Pikel
  6065 | D:6      | Reached XP level 9. HP: 38/67 MP: 6/9
  6097 | D:6      | Got an iridescent hand crossbow
  6651 | D:6      | Found a staircase to the Ecumenical Temple.
  6663 | Temple   | Entered the Ecumenical Temple
  6736 | D:6      | Found a sacrificial altar of Ru.
  7144 | D:7      | Found an ancient bone altar of Kikubaaqudgha.
  7151 | D:7      | Reached skill level 5 in Fighting
  7245 | D:7      | Noticed tidbits's ghost (novice GnTm)
  7262 | D:7      | Killed tidbits's ghost
  7262 | D:7      | Reached **** piety under Okawaru
  7262 | D:7      | Reached skill level 8 in Axes
  7438 | D:7      | Found a glowing golden altar of the Shining One.
  7438 | D:7      | Noticed an angel
  7478 | D:7      | Found Iclyp's Hallowed Reliquary.
  7494 | D:7      | Found Kotixaof's Weapon Shoppe.
  8161 | D:8      | Noticed Gastronok
  8167 | D:8      | Reached skill level 9 in Axes
  8168 | D:8      | Gained mutation: You are significantly more attuned to the shadows. [demonic ancestry]
  8168 | D:8      | Reached XP level 10. HP: 61/76 MP: 6/10
  8210 | D:8      | Killed Gastronok
  8353 | D:8      | Reached skill level 10 in Axes
  8360 | D:8      | Noticed Erica
  8369 | D:8      | Killed Erica
  8369 | D:8      | Reached ***** piety under Okawaru
  8374 | D:8      | Identified the +6 hand crossbow of the Wraith {speed, rElec} (You found it on level 6 of the Dungeon)
  8523 | D:8      | Noticed a two-headed ogre
  8541 | D:8      | Killed a two-headed ogre
  8820 | D:8      | Found a stormy altar of Qazlal.
  8943 | D:8      | Noticed a two-headed ogre
  8951 | D:8      | Killed a two-headed ogre
  8951 | D:8      | Received a gift from Okawaru
  8951 | D:8      | Gained mutation: You are mostly covered in slimy green scales. (AC +3) [demonic ancestry]
  8951 | D:8      | Reached XP level 11. HP: 63/84 MP: 11/11
  8954 | D:8      | Got an ancient chain mail {god gift}
  8955 | D:8      | Identified the +6 chain mail of Spring {rF+ rC+ Str+2 Dex-4} (Okawaru gifted it to you on level 8 of the Dungeon)
  9368 | D:8      | Noticed a two-headed ogre
  9380 | D:8      | Killed a two-headed ogre
  9380 | D:8      | Reached skill level 11 in Axes
  9749 | D:9      | Found a staircase to the Lair.
  9882 | D:9      | Found an ornate altar of the Wu Jian Council.
 10023 | D:9      | Found Xame's Food Shop.
 10389 | D:9      | Found a blossoming altar of Fedhas.
 10404 | D:9      | Found a shattered altar of Ashenzari.
 10953 | Lair:1   | Entered Level 1 of the Lair of Beasts
 11306 | Lair:1   | Noticed a five-headed hydra
 11600 | Lair:1   | HP: 4/86 [11-headed hydra (12)]
 11600 | Lair:1   | Slain by an 11-headed hydra

Skill      XL: |  1  2  3  4  5  6  7  8  9 10 11 |
---------------+----------------------------------+-----
Armour         | 5 6 7 |  7.8
Fighting       | 1 3 4 6 7 8 |  8.2
Axes           | 3 4 7 9 10 11 | 11.9
Dodging        | 1 2 3 4 |  4.5
Polearms       | 1 2 |  2.2
Stealth        | 1 3 4 |  4.4
Shields        | 1 2 3 4 |  4.1
Crossbows      | |  0.6
Throwing       | |  1.9
Invocations    | |  0.1
Evocations     | |  1.3

Action                   |  1- 3 |  4- 6 |  7- 9 | 10-12 || total
-------------------------+-------+-------+-------+-------++-------
Melee: Hand axe          |   174 |   102 |       |       ||   276
       Scythe            |       |   108 |     8 |       ||   116
       War axe           |       |       |   384 |   375 ||   759
 Fire: Hand crossbow     |       |       |       |    20 ||    20
Throw: Tomahawk          |       |     8 |     5 |     1 ||    14
       Javelin           |       |       |       |     1 ||     1
Invok: Finesse           |       |       |       |     1 ||     1
Evoke: Wand              |       |       |     2 |    14 ||    16
  Use: Scroll            |     3 |     2 |    10 |    11 ||    26
       Potion            |     2 |     5 |       |    13 ||    20
 Stab: Sleeping          |       |     1 |     5 |     4 ||    10
       Distracted        |       |       |     2 |       ||     2
  Eat: Ration            |     1 |     2 |     5 |     3 ||    11
       Chunk             |       |       |       |     6 ||     6
Armor: Scale mail        |   103 |   163 |    31 |       ||   297
       Ring mail         |       |       |   103 |    27 ||   130
       Chain mail        |       |       |       |   199 ||   199
Dodge: Dodged            |    79 |   171 |   175 |   183 ||   608
Block: Buckler           |       |       |    68 |    83 ||   151
